 Dungeon Crawl Stone Soup version 0.21-a0-95-g06f091e (webtiles) character file.

12690 Murumi the Protected (level 11, -1/72 HPs)
             Began as a Gargoyle Fighter on July 5, 2017.
             Was an Initiate of Elyvilon.
             Killed from afar by a deep elf mage (9 damage)
             ... with a bolt of magma
             ... in a bailey.
             The game lasted 00:41:27 (10070 turns).

Murumi the Protected (Gargoyle Fighter)            Turns: 10070, Time: 00:41:27

Health: -1/72      AC: 24    Str: 28    XL:     11   Next: 97%
Magic:  11/11      EV:  9    Int:  9    God:    Elyvilon [......]
Gold:   431        SH:  0    Dex:  9    Spells: 10/10 levels left

rFire    + . .     SeeInvis +   z - +0 morningstar (protect)
rCold    + + +     Gourm    .   (no shield)
rNeg     + + +     Faith    .   I - +0 plate armour
rPois    ∞         Spirit   .   k - +1 hat
rElec    +         Reflect  .   i - scarf {rC+ rF+}
rCorr    .         Harm     .   (no gloves)
MR       .....                  (no boots)
Stlth    ..........             (no amulet)
HPRegen  0.22/turn              g - ring of positive energy
MPRegen  0.12/turn              l - ring of positive energy

@: mighty
A: see invisible, cold resistance 2, negative energy resistance 1, electricity
resistance, unbreathing, petrification resistance, rot immunity, AC +7
a: Renounce Religion


You were in a bailey.
You worshipped Elyvilon.
Elyvilon was noncommittal.
You were very hungry.

You visited 2 branches of the dungeon, and saw 9 of its levels.
You also visited: Sewer and Bailey.

You collected 431 gold pieces.

Inventory:

Hand Weapons
 z - a +0 morningstar of protection (weapon)
 A - a +0 morningstar
Missiles
 e - 276 stones
 r - 18 tomahawks (quivered)
 F - a throwing net
Armour
 c - a +0 shield
 i - a scarf of resistance (worn)
 k - a +1 hat (worn)
 I - a +0 plate armour (worn)
Jewellery
 g - a ring of positive energy (left hand)
 l - a ring of positive energy (right hand)
Wands
 y - a wand of acid (5/15)
Scrolls
 h - 6 scrolls of teleportation
 p - 4 scrolls of magic mapping
 s - 3 scrolls of remove curse
 w - 3 scrolls of amnesia {unknown}
 x - a scroll of enchant weapon {unknown}
 E - a scroll of summoning {unknown}
 G - a scroll of fog
Potions
 a - a potion of ambrosia
 b - a potion of lignification
 j - 2 potions of flight
 m - a potion of brilliance
 n - 4 potions of curing
 q - a potion of agility
 H - a potion of resistance {unknown}
Comestibles
 f - 9 bread rations
 t - 4 meat rations
 u - 6 fruits
 v - 4 royal jellies


   Skills:
 - Level 10.2 Fighting
 - Level 7.0 Maces & Flails
 - Level 3.0 Throwing
 - Level 13.1 Armour
 - Level 2.3 Dodging
 + Level 8.9 Shields


You had 10 spell levels left.
You didn't know any spells.

Dungeon Overview and Level Annotations

Branches:
Dungeon (8/15)             Temple (1/1) D:7
   Lair: D:8-11

Altars:
Ashenzari
Cheibriados
Dithmenos
Elyvilon
Fedhas
Gozag
Hepliaklqana
Kikubaaqudgha
Makhleb
Nemelex Xobeh
Okawaru
Qazlal
Ru
Sif Muna
Trog
Uskayaw
Vehumet
Wu Jian
Xom
Yredelemnul
Zin
The Shining One


Innate Abilities, Weirdness & Mutations

You are resistant to torment.
Your stone body is resilient. (AC +7)
You are immune to poison.
You resist negative energy. (rN+)
You are resistant to electric shocks. (rElec)
You can survive without breathing.
You are immune to petrification.
You are immune to rotting.
You have supernaturally acute eyesight. (SInv)
Your flesh is very cold resistant. (rC++)


Message History

The bolt of magma hits you! You partially resist.
The deep elf mage hits you but does no damage.
You impale the deep elf mage!!
Your weapon exudes an aura of protection.
The deep elf mage is severely wounded.
The deep elf mage casts a spell.
The deep elf mage hits you but does no damage.
You closely miss the deep elf mage.
The deep elf mage is severely wounded.
The deep elf mage casts a spell at you. The stone arrow hits you!
The deep elf mage closely misses you.
The deep elf mage points at you and mumbles some strange words.
The bolt of magma hits you! You partially resist.
* * * LOW HITPOINT WARNING * * *
You barely miss the deep elf mage.
The deep elf mage is severely wounded.
The deep elf mage hits you but does no damage.
The deep elf mage gestures at you while chanting.
The bolt of magma hits you! You partially resist.
You die...

.. .. .. .### ###.
######...###...##
##..##.....#.....#
#....#.....#.....#
#.*..#.....#.....#
#e.# #....#....#
##@# #####)#####
##e.###....#....##
#.E..#.....#)....#
#....#.....#..∩..#
##..##.....#.....#
###'##...###...###
##..######'##).##
#....##..)##....#
#....#...).#....#


You could see an earth elemental, 2 deep elf magi and a battlesphere.

Vanquished Creatures
  The ghost of Zigma the Grappler, a novice DrMo of Okawaru (Bailey)
  6 deep elf magi (Bailey)
  A hippogriff (D:7)
  Duvessa (D:7)
  3 orc warriors (D:7)
  3 black bears
  2 necrophages
  A sky beast (D:7)
  2 phantoms
  3 ogres
  4 centaurs
  2 bullfrogs
  Dowan (D:7)
  4 scorpions
  5 wights (D:6)
  5 crimson imps
  A centaur zombie (D:3)
  2 hounds
  A jelly (D:8)
  A gnoll shaman (D:4)
  An orc priest (D:7)
  3 bullfrog skeletons
  A centaur skeleton (D:7)
  Jessica (D:3)
  12 orc wizards
  An iguana (D:6)
  2 merfolk sirens (Sewer)
  3 worker ants
  A merfolk avatar (Sewer)
  A hound skeleton (D:5)
  13 gnolls
  A river rat (Sewer)
  14 adders
  2 shadow imps
  An ooze (D:8)
  2 worms
  5 leopard geckos
  16 orcs
  4 ball pythons
  9 bats
  6 giant cockroaches
  12 goblins
  12 hobgoblins
  6 jackals
  8 kobolds
  A quokka (D:3)
  6 frilled lizards
  A jackal skeleton (D:4)
  A jackal zombie (D:6)
  39 rats
234 creatures vanquished.

Vanquished Creatures (others)
  A goblin (D:1)
1 creature vanquished.

Grand Total: 235 creatures vanquished

Notes
Turn   | Place    | Note
-------+----------+-------------------------------------------
     0 | D:1      | Murumi the Gargoyle Fighter began the quest for the Orb.
     0 | D:1      | Reached XP level 1. HP: 14/14 MP: 1/1
    19 | D:1      | Reached skill level 1 in Throwing
    78 | D:1      | Reached XP level 2. HP: 19/19 MP: 2/2
   168 | D:1      | Reached skill level 1 in Dodging
   520 | D:1      | Reached XP level 3. HP: 20/23 MP: 3/3
  1283 | D:2      | Found a stormy altar of Qazlal.
  1554 | D:2      | Reached XP level 4. HP: 29/29 MP: 4/4
  1911 | D:2      | Found a blossoming altar of Fedhas.
  1911 | D:2      | Found a bloodstained altar of Trog.
  2001 | D:3      | Noticed Jessica
  2034 | D:3      | Reached skill level 4 in Armour
  2034 | D:3      | Reached XP level 5. HP: 33/33 MP: 5/5
  2041 | D:3      | Reached skill level 5 in Armour
  2138 | D:3      | Killed Jessica
  2221 | D:3      | Found an ancient bone altar of Kikubaaqudgha.
  2236 | D:3      | Reached XP level 6. HP: 16/38 MP: 6/6
  2342 | D:3      | Noticed a phantom
  2432 | D:3      | Killed a phantom
  2460 | D:3      | Found a glowing drain.
  2464 | Sewer    | Entered a sewer
  3017 | Sewer    | Reached skill level 5 in Fighting
  3017 | Sewer    | Reached XP level 7. HP: 44/44 MP: 7/7
  3844 | D:4      | Reached skill level 5 in Shields
  3889 | D:4      | Found a burning altar of Makhleb.
  4375 | D:4      | Found a shattered altar of Ashenzari.
  4547 | D:5      | Entered Level 5 of the Dungeon
  4583 | D:5      | Found Epoal's Distillery.
  4972 | D:4      | Reached skill level 5 in Maces & Flails
  4972 | D:4      | Reached XP level 8. HP: 28/51 MP: 8/8
  5713 | D:5      | Reached skill level 6 in Armour
  5788 | D:5      | Found a radiant altar of Vehumet.
  6525 | D:6      | Reached XP level 9. HP: 30/57 MP: 9/9
  6967 | D:6      | Reached skill level 7 in Armour
  7518 | D:7      | Gained mutation: You have supernaturally acute eyesight. (SInv) [mutagenic meat]
  7519 | D:7      | Gained mutation: Your flesh is cold resistant. (rC+) [mutagenic meat]
  7520 | D:7      | Gained mutation: Your flesh is very cold resistant. (rC++) [mutagenic meat]
  7868 | D:7      | Found an opulent altar of Gozag.
  8340 | D:7      | Noticed Duvessa
  8357 | D:7      | Killed Duvessa
  8362 | D:7      | Noticed Dowan
  8376 | D:7      | Killed Dowan
  8395 | D:7      | Reached skill level 8 in Armour
  9026 | D:7      | Reached XP level 10. HP: 60/64 MP: 10/10
  9326 | D:7      | Found a staircase to the Ecumenical Temple.
  9349 | Temple   | Entered the Ecumenical Temple
  9411 | Temple   | Became a worshipper of Elyvilon the Healer
  9473 | D:8      | Found a flagged portal.
  9494 | Bailey   | Entered a bailey
  9499 | Bailey   | Noticed Zigma's ghost (novice DrMo)
  9530 | Bailey   | Noticed a deep elf mage
  9534 | Bailey   | Noticed a sun demon
  9538 | Bailey   | Noticed a rust devil
  9540 | Bailey   | Killed Zigma's ghost
  9558 | Bailey   | Killed a deep elf mage
  9761 | Bailey   | Noticed a deep elf mage
  9762 | Bailey   | Noticed a deep elf mage
  9762 | Bailey   | Noticed a deep elf mage
  9763 | Bailey   | Noticed a deep elf mage
  9763 | Bailey   | Noticed a deep elf mage
  9770 | Bailey   | Killed a deep elf mage
  9770 | Bailey   | Reached skill level 10 in Fighting
  9774 | Bailey   | Killed a deep elf mage
  9792 | Bailey   | Noticed a sun demon
  9797 | Bailey   | Killed a deep elf mage
  9797 | Bailey   | Reached skill level 9 in Armour
  9810 | Bailey   | HP: 3/68 [earth elemental[a deep elf mage] (13)]
  9811 | Bailey   | Reached skill level 13 in Armour
  9811 | Bailey   | Reached XP level 11. HP: 3/72 MP: 11/11
  9819 | Bailey   | Killed a deep elf mage
  9820 | Bailey   | Killed a deep elf mage
 10061 | Bailey   | Noticed a deep elf mage
 10061 | Bailey   | Noticed a deep elf mage
 10070 | Bailey   | Killed from afar by a deep elf mage

Vault maps used:
D:1:      erik_arrival_orb_chamber, minmay_crystal_water, lemuel_another_geyser
D:2:      gammafunk_temple_overflow_statue, grunt_qazlal_sundering, first_bread,
          minmay_misc_feat_rows, nicolae_underground_beach
D:3:      nicolae_overflow_hidden_temple, gup_sewer_entry_spiral, uniq_jessica
D:4:      kennysheep_mini, lemuel_doored_altar
D:5:      corexii_shack_village, kennysheep_mini_moat, serial_shops,
          nicolae_shop_stone, eino_small_chamber_without_monster
D:6:      corexii_leaking_fountain
D:7:      minmay_flawed_box, grunt_gozag_statues, minmay_temple_entry_poolview,
          grunt_ogre_cave, hangedman_decor_clover_reticule,
          hangedman_decor_peaks_small, uniq_duvessa
D:8:      enter_bailey_2
Temple:   zaba_magenta_temple
Sewer:    sewer_sea
Bailey:   bailey_polearm_3, bailey

Skill      XL: |  1  2  3  4  5  6  7  8  9 10 |
---------------+-------------------------------+-----
Throwing       | 1 2 3 |  3.0
Dodging        | 1 2 |  2.3
Maces & Flails | 3 4 5 6 7 |  7.0
Fighting       | 4 5 6 7 8 10 | 10.2
Armour         | 4 5 6 8 13 | 13.1
Shields        | 4 5 6 8 |  8.9

Action                   |  1- 3 |  4- 6 |  7- 9 | 10-12 || total
-------------------------+-------+-------+-------+-------++-------
Melee: Flail             |   115 |   228 |   137 |       ||   480
       Morningstar       |       |       |   393 |   164 ||   557
Throw: Stone             |    93 |    74 |   176 |    28 ||   371
       Tomahawk          |       |       |    36 |     1 ||    37
  Use: Scroll            |     5 |     4 |     4 |     4 ||    17
       Potion            |       |     1 |     4 |     6 ||    11
  Eat: Chunk             |     2 |     6 |    22 |     3 ||    33
Armor: Scale mail        |    67 |   149 |   110 |       ||   326
       Chain mail        |       |       |   237 |       ||   237
       Plate armour      |       |       |    48 |   165 ||   213
Dodge: Dodged            |    56 |   122 |   268 |    69 ||   515
